[Event "*** Titled Tuesday Blitz"]
[Site "Chess.com"]
[Date "2021.03.09"]
[Round "2"]
[White "MustafayevFarid2004"]
[Black "XxPetroffsxX"]
[Result "1-0"]
[WhiteElo "2434"]
[BlackElo "2197"]
[TimeControl "180+1"]
[EndTime "10:18:15 PST"]
[Termination "MustafayevFarid2004 won by resignation"]

1. d4 d5 2. c4 e6 3. Nc3 a6 4. e3 Nf6 5. Nf3 Bb4 6. Qa4+ Nc6 7.
Ne5 Bxc3+ 8. bxc3 Bd7 9. Nxd7 Qxd7 10.
Ba3 Ne4 11. Rc1 Ne7 12. Qb3 b6 13. f3 Nd6 14. cxd5 exd5 15. Bd3 O-O 16. O-O b5 17.
Rce1 Nc4 18. Bc1 g6 19. e4 Rac8 20. e5 c5 21. Bg5 Nxe5 22. dxe5 c4 23. Qa3 Qa7+ 24.
Be3 Nc6 25. Bxa7 Nxa7 26. Bb1 Rc6 27. f4 Nc8 28. f5 Re8 29. e6 fxe6 30. fxg6 hxg6 31.
Bxg6 Re7 32. Qc1 Rg7 33. Qh6 Ne7 34. Bh7+ 1-0

[Event "*** Titled Tuesday Blitz"]
[Site "Chess.com"]
[Date "2021.03.09"]
[Round "2"]
[White "yonaltimur"]
[Black "imdvb6307"]
[Result "0-1"]
[WhiteElo "1823"]
[BlackElo "2373"]
[TimeControl "180+1"]
[EndTime "10:18:15 PST"]
[Termination "imdvb6307 won on time"]

1. e4 Nc6 2. Nf3 d6 3. d4 Nf6 4. Bd3 g6 5. O-O Bg7 6. c3 O-O 7. h3 e5 8. Be3 d5 9. dxe5 Nxe4 10. Bf4 Nc5 11. Bc2 h6 12. Re1 Be6 13. Nbd2 d4 14. Nb3 Nxb3 15. axb3 dxc3 16. bxc3 g5 17. Bg3 Qe7 18. Qe2 Qc5 19. c4 Rad8 20. Be4 a5 21. Red1 b6 22. Rxd8 Rxd8 23. Rd1 Nd4 24. Nxd4 Rxd4 25. Rxd4 Qxd4 0-1

[Event "*** Titled Tuesday Blitz"]
[Site "Chess.com"]
[Date "2021.03.09"]
[Round "2"]
[White "slavenok"]
[Black "WPWPWP-2015"]
[Result "1-0"]
[WhiteElo "2729"]
[BlackElo "2500"]
[TimeControl "180+1"]
[EndTime "10:18:16 PST"]
[Termination "slavenok won by resignation"]

1. e4 e5 2. d4 exd4 3. Nf3 Nc6 4. Bc4 Nf6 5. Qe2 d6 6. h3 Be7 7. O-O O-O 8. Rd1 Re8 9. Nxd4 Nxd4 10. Rxd4 Bf8 11.
Nc3 h6 12. Bf4 Nd7 13. Rad1 Ne5 14. Bb3 Ng6 15. Bg3 Be6 16. f4 Bxb3 17. axb3 c6 18.
Qf2 Qb6 19. Kh2 Rad8 20. Na4 Qa5 21. f5 Ne5 22. Nc3 Qb6 23. Na4 Qc7 24. Bf4 b5 25. Nc3 Qb6 26. Qg3 Kh7 27. Ne2 Be7 28.
Ng1 Qc5 29. c3 Bf6 30. b4 Qb6 31. Rxd6 Rxd6 32. Rxd6 Nc4 33. Rd7 Rxe4 34. Rxf7 Rxf4 35. Qg6+ Kg8 36. Rxf6 Rf1 37. Ne2 Qb8+ 38. Ng3 Ne3 39. Re6 Nxf5 40. Re8+ Qxe8 41. Qxe8+ Kh7 42. Qe4 Rh1+ 43.
Kxh1 1-0

[Event "*** Titled Tuesday Blitz"]
[Site "Chess.com"]
[Date "2021.03.09"]
[Round "2"]
[White "Kurkusha"]
[Black "Ranindu2003"]
[Result "1-0"]
[WhiteElo "2351"]
[BlackElo "2618"]
[TimeControl "180+1"]
[EndTime "10:18:17 PST"]
[Termination "Kurkusha won by resignation"]

1. Nf3 Nf6 2. c4 e6 3. Nc3 d5 4. e3 a6 5. b3 dxc4 6. Bxc4 c5 7.
Bb2 b5 8. Be2 Bb7 9. O-O Be7 10.
d4 Nbd7 11. dxc5 Bxc5 12. Nd4 O-O 13. Rc1 Qb6 14. Bf3 Ne5 15. Bxb7 Qxb7 16. Ncxb5 Bb4 17.
Na3 Rfd8 18. Nc4 Nxc4 19. Rxc4 e5 20. Qf3 e4 21. Qg3 Bd6 22. Qh4 Be5 23. Qg5 Rd5 24.
Nf5 Ne8 25. Ne7+ Kh8 26. Nxd5 Bxb2 27. Rxe4 f6 28. Qh5 g6 29. Qf3 Ng7 30. Re7 Qc6 31. Rc7 Qe6 32. Nf4 Qd6 33. Qxa8+ 1-0

[Event "*** Titled Tuesday Blitz"]
[Site "Chess.com"]
[Date "2021.03.09"]
[Round "2"]
[White "muchojogo"]
[Black "MrTattaglia"]
[Result "0-1"]
[WhiteElo "2361"]
[BlackElo "2883"]
[TimeControl "180+1"]
[EndTime "10:18:19 PST"]
[Termination "MrTattaglia won by resignation"]

1. d4 Nf6 2. Nf3 d5 3. Bf4 c5 4. e3 Nc6 5. Nbd2 Bg4 6. c3 e6 7. Be2 Bd6 8. Bxd6 Qxd6 9. dxc5 Qxc5 10. c4 Bxf3 11. Nxf3 dxc4 12. O-O O-O 13. Rc1 b5 14. Qc2 Rac8 15. Rfd1 h6 16. h3 a6 17. Nd4 Nxd4 18.
Rxd4 Nd5 19. Bf3 Nb4 20. Qb1 Qe5 21. b3 Nd3 22. Rc3 Qf6 23. bxc4 bxc4 24. Rcxc4 Ne5 25. Rxc8 Nxf3+ 26. gxf3 Rxc8 27. Qe4 a5 28. Kg2 g6 29. Ra4 Rc5 30. f4 Kh7 31. Rd4 Rb5 32. Rd7 Rb2 33. a4 Ra2 34. Qb7 Kg7 35. Qb5 Qc3 36. Qb7 Qf6 37. Qb5 g5 38. fxg5 Qxf2+ 0-1

[Event "*** Titled Tuesday Blitz"]
[Site "Chess.com"]
[Date "2021.03.09"]
[Round "2"]
[White "AldokhinIvan"]
[Black "Aleksey_Sorokin"]
[Result "0-1"]
[WhiteElo "2517"]
[BlackElo "2778"]
[TimeControl "180+1"]
[EndTime "10:18:20 PST"]
[Termination "Aleksey_Sorokin won on time"]

1. e4 c6 2. Nc3 d5 3. d4 dxe4 4. Nxe4 Nf6 5. Nxf6+ exf6 6. c3 Bd6 7. Bd3 O-O 8. Qc2 Re8+ 9. Ne2 h5 10. O-O h4 11. Nf4 Nd7 12. Bh7+ Kh8 13. Bd3 Nf8 14. Bd2 Ne6 15. Nxe6 Bxe6 16. c4 Bc7 17. Bc3 b5 18.
cxb5 Qd6 19. g3 h3 20. Be4 Bd5 21. Rae1 cxb5 22. f3 Bb6 23. Bxd5 Qxd5 24. Re4 f5 25.
Rf4 g6 26. g4 Bc7 27. Qd2 Bxf4 28. Qxf4 Kg8 29. g5 Re2 30. Qh4 b4 31. Bxb4 Rg2+ 0-1

[Event "*** Titled Tuesday Blitz"]
[Site "Chess.com"]
[Date "2021.03.09"]
[Round "2"]
[White "anon481216"]
[Black "XDPS"]
[Result "0-1"]
[WhiteElo "2503"]
[BlackElo "2732"]
[TimeControl "180+1"]
[EndTime "10:18:21 PST"]
[Termination "XDPS won by resignation"]

1. d4 d5 2. c4 e6 3. Nf3 a6 4. cxd5 exd5 5. Nc3 Nf6 6. Bg5 Be6 7.
e3 Nbd7 8. Qb3 b5 9. Be2 Bd6 10. Bh4 O-O 11. Bg3 Qe7 12. O-O Bxg3 13. hxg3 c5 14. Ne5 c4 15. Qd1 b4 16. Na4 a5 17.
f4 Bf5 18. Bf3 Be4 19. g4 Bxf3 20. gxf3 Ra6 21. Kg2 Rc8 22. g5 Ne8 23. Nxd7 Qxd7 24. Nc5 Rxc5 25. dxc5 h6 26. Qd4 Rg6 27. Rad1 hxg5 28.
f5 Qxf5 29. Qxd5 Qc8 30. Qd8 Qc6 31. Rd6 Rxd6 32. cxd6 Kh7 33. d7 Nf6 34. Qxf6 Qxf6 35. Rd1 Qd8 36. Rd6 f6 37. e4 c3 38. bxc3 bxc3 39. Rc6 Qxd7 0-1

[Event "*** Titled Tuesday Blitz"]
[Site "Chess.com"]
[Date "2021.03.09"]
[Round "2"]
[White "IECS12"]
[Black "Nf3c5"]
[Result "0-1"]
[WhiteElo "2239"]
[BlackElo "2607"]
[TimeControl "180+1"]
[EndTime "10:18:21 PST"]
[Termination "Nf3c5 won on time"]

1. d4 Nf6 2. Bf4 d5 3. e3 c5 4.
Nc3 Nc6 5. Nb5 e5 6. dxe5 a6 7. exf6 axb5 8. Nf3 Qxf6 9. Bxb5 Qxb2 10. Rb1 Qc3+ 11. Qd2 Qxd2+ 12. Kxd2 Bd7 13. a4 Be7 14. Ne5 Nxe5 15. Bxe5 O-O-O 16. Bxg7 Rhg8 17. Be5 Bf5 18. Bd3 Be6 19. Bg3 h5 20. h4 c4 21. Be2 d4 22.
exd4 Rxd4+ 23. Kc3 Bf6 24. Kb4 c3+ 25. Ka3 Be7+ 0-1

[Event "*** Titled Tuesday Blitz"]
[Site "Chess.com"]
[Date "2021.03.09"]
[Round "2"]
[White "serhanberat_ozdemir"]
[Black "RD4ever"]
[Result "1-0"]
[WhiteElo "2577"]
[BlackElo "2891"]
[TimeControl "180+1"]
[EndTime "10:18:22 PST"]
[Termination "serhanberat_ozdemir won on time"]

1. e4 e5 2. Nf3 Nc6 3. d4 exd4 4. Bc4 Nf6 5. e5 d5 6. Bb5 Ne4 7. Nxd4 Bc5 8. Be3 O-O 9. Bxc6 bxc6 10. O-O Qe8 11.
Nd2 f5 12. Nxe4 fxe4 13. c4 Ba6 14. b3 Rd8 15. Qc2 dxc4 16. Qxe4 cxb3 17. Rfd1 b2 18. Rab1 Bc4 19. Qc2 Bxa2 20. Qxc5 Rd5 21. Qc2 Bxb1 22.
Rxb1 c5 23. Nf3 Qd7 24. h3 Rxf3 25. gxf3 Rxe5 26. Qxb2 Re6 27. Qb3 h6 28. Kh2 Kh7 29. f4 Rg6 30. Qc2 c4 31. Rd1 1-0

[Event "*** Titled Tuesday Blitz"]
[Site "Chess.com"]
[Date "2021.03.09"]
[Round "2"]
[White "chessmachine14"]
[Black "Gusarov91"]
[Result "1-0"]
[WhiteElo "2316"]
[BlackElo "2530"]
[TimeControl "180+1"]
[EndTime "10:18:22 PST"]
[Termination "chessmachine14 won by resignation"]

1. e4 c6 2. d4 d5 3. e5 Bf5 4. Nf3 e6 5. Be2 Ne7 6. O-O Nd7 7. Nh4 Be4 8. Nd2 Bg6 9. Nxg6 hxg6 10. g3 c5 11. c3 Nc6 12. Nf3 Qb6 13. Rb1 Be7 14. Kg2 Rc8 15. Be3 cxd4 16. cxd4 Na5 17. b3 Nc6 18.
Rc1 Ba3 19. Rc2 O-O 20. h4 Nb4 21. Rxc8 Rxc8 22. Rh1 Nxa2 23. h5 Nc3 24. Qe1 Nxe2 25. Qxe2 Qxb3 26. hxg6 fxg6 27. Ng5 Nf8 28. Qg4 Be7 29.
Nxe6 Rc2 30. Bg5 Bxg5 31. Nxg5 Qe3 32. Rf1 a5 33. e6 a4 34. Qh4 a3 35. e7 Qxe7 36. Rh1 Qxg5 37. Qxg5 Rc6 38. Qxd5+ Re6 39. Qb3 a2 40. Qxa2 Kf7 41. Rh8 Ke7 42. Rxf8 1-0

[Event "*** Titled Tuesday Blitz"]
[Site "Chess.com"]
[Date "2021.03.09"]
[Round "2"]
[White "Saxar85"]
[Black "Rakesh"]
[Result "1-0"]
[WhiteElo "2804"]
[BlackElo "2523"]
[TimeControl "180+1"]
[EndTime "10:18:23 PST"]
[Termination "Saxar85 won by resignation"]

1. Nf3 Nf6 2. g3 g6 3. b3 Bg7 4. Bb2 O-O 5. Bg2 d5 6. c4 c5 7. cxd5 Nxd5 8. Bxg7 Kxg7 9. O-O Nc6 10. d4 cxd4 11. Nxd4 Nxd4 12. Qxd4+ Nf6 13. Qe5 Bg4 14. Nc3 Qb6 15. Qxe7 Rfe8 16. Qxb7 Rac8 17. Qxb6 axb6 18. Rfc1 b5 19. Nxb5 Rxc1+ 20. Rxc1 Rxe2 21. Nc3 Rb2 22. h3 Be6 23. Ra1 Nd7 24. Nd1 Rd2 25. Ne3 Ne5 26.
a4 Bxb3 27. a5 Nd7 28. a6 Nb6 29. a7 Ba2 30. Rd1 Rxd1+ 31. Nxd1 Kf6 32. Ne3 Ke5 33. a8=Q Nxa8 34. Bxa8 Be6 35. Kg2 g5 36. g4 Kf4 37.
Bd5 Bd7 38. Bxf7 h6 39. Bd5 Be8 40. Bf3 Ke5 41. Nf5 h5 42. Ng7 hxg4 43. Nxe8 gxf3+ 44. Kxf3 Kf5 45. Kg3 Kg6 46. Kg4 Kh6 47. Nd6 1-0

[Event "*** Titled Tuesday Blitz"]
[Site "Chess.com"]
[Date "2021.03.09"]
[Round "2"]
[White "losersgame"]
[Black "kirillshevchenko"]
[Result "0-1"]
[WhiteElo "2359"]
[BlackElo "2837"]
[TimeControl "180+1"]
[EndTime "10:18:24 PST"]
[Termination "kirillshevchenko won on time"]

1. d4 Nf6 2. c4 g6 3. Nc3 Bg7 4.
e4 d6 5. f3 O-O 6. Be3 b6 7. Qd2 c5 8. d5 e6 9. O-O-O exd5 10.
cxd5 Nbd7 11. h4 h5 12. Nh3 a6 13. Bh6 b5 14. Bxg7 Kxg7 15. Ng5 b4 16. Ne2 Ne5 17. Nf4 Rh8 18. Be2 Rb8 19. Nd3 Nc4 20. Qf4 Qe7 21. Kb1 Re8 22. Rdf1 Rb7 23. Qc1 Nb6 24. Nf4 Qe5 25.
Nd3 Qd4 26. g4 Nbxd5 27. exd5 Rxe2 0-1

[Event "*** Titled Tuesday Blitz"]
[Site "Chess.com"]
[Date "2021.03.09"]
[Round "2"]
[White "noblerone"]
[Black "FMOlexandrProhorov"]
[Result "1/2-1/2"]
[WhiteElo "2397"]
[BlackElo "2122"]
[TimeControl "180+1"]
[EndTime "10:18:24 PST"]
[Termination "Game drawn by repetition"]

1. d4 g6 2. Nf3 Bg7 3. Bg5 d6 4. e3 c5 5. c3 Qb6 6. Qb3 Nc6 7.
Bc4 e6 8. dxc5 Qxc5 9. Nbd2 d5 10. Be2 Nf6 11. O-O O-O 12. Rac1 e5 13. Bh4 Re8 14.
Rfe1 a6 15. a4 Bf5 16. Bg3 Nh5 17. Nf1 Nxg3 18. Nxg3 Be6 19. Ng5 Bc8 20. Red1 h6 21. Nf3 Be6 22. Qc2 Rad8 23. h3 Qe7 24. c4 d4 25. exd4 exd4 26. Bf1 h5 27. Re1 Qc7 28. b3 Nb4 29. Qd2 a5 30. Ng5 Bc8 31. Rxe8+ Rxe8 32. Re1 Qd8 33. Rxe8+ Qxe8 34. Nf3 Kh7 35. Ng5+ Kg8 36.
Nf3 Kh7 37. Ng5+ Kg8 1/2-1/2

[Event "*** Titled Tuesday Blitz"]
[Site "Chess.com"]
[Date "2021.03.09"]
[Round "2"]
[White "Murad_Ibrahimli"]
[Black "pastouche06"]
[Result "1-0"]
[WhiteElo "2876"]
[BlackElo "2545"]
[TimeControl "180+1"]
[EndTime "10:18:25 PST"]
[Termination "Murad_Ibrahimli won by resignation"]

1. c4 e6 2. Nc3 d5 3. d4 a6 4. cxd5 exd5 5. Bf4 Nf6 6. e3 c5 7. Nf3 c4 8. Be2 b5 9. O-O Bb7 10.
Ne5 Be7 11. Bf3 O-O 12. Qc2 Nbd7 13. Qf5 Nb6 14. a3 Ne8 15. g3 Nd6 16. Qh3 a5 17. Qg2 f6 18. Nxd5 fxe5 19. Nxe7+ Qxe7 20. dxe5 Bxf3 21. Qxf3 Nb7 22. Qc6 Na4 23. Qxb5 Nac5 24. Qxc4+ Kh8 25. e4 a4 26. Rad1 Rad8 27. Rd5 Ne6 28. Be3 Ng5 29. f4 Ne6 30. Qxa4 Rc8 31. f5 Nec5 32. Qb4 1-0

[Event "*** Titled Tuesday Blitz"]
[Site "Chess.com"]
[Date "2021.03.09"]
[Round "2"]
[White "SilviusTiberius"]
[Black "Chernov_Alexander_A"]
[Result "1-0"]
[WhiteElo "2486"]
[BlackElo "2279"]
[TimeControl "180+1"]
[EndTime "10:18:25 PST"]
[Termination "SilviusTiberius won by checkmate"]

1. e4 c6 2. d4 d5 3. exd5 cxd5 4. Bd3 Nc6 5. c3 Nf6 6. Bf4 g6 7. Nf3 Bf5 8. Ne5 Bxd3 9. Nxd3 Bg7 10. O-O O-O 11. h3 e6 12. Nd2 Rc8 13. Re1 Nd7 14. a4 a5 15. Re2 Re8 16. Nf3 Qb6 17. Qd2 Qb3 18. Bh6 Bh8 19. h4 Qb6 20. h5 Qd8 21.
hxg6 hxg6 22. g3 Bg7 23. Kg2 Bxh6 24. Qxh6 Qf6 25. Rh1 Qg7 26. Qf4 Nf6 27. Nfe5 Ne4 28. f3 Nd6 29. g4 Nc4 30. Kg1 N4xe5 31. dxe5 g5 32. Qf6 Ne7 33. Reh2 Ng6 34. Qxg5 Rc4 35. Kf2 Rxa4 36. Nc5 Nf4 37. Rh8# 1-0

[Event "*** Titled Tuesday Blitz"]
[Site "Chess.com"]
[Date "2021.03.09"]
[Round "2"]
[White "AlexSuv"]
[Black "Semen_Khanin"]
[Result "0-1"]
[WhiteElo "2533"]
[BlackElo "2833"]
[TimeControl "180+1"]
[EndTime "10:18:26 PST"]
[Termination "Semen_Khanin won on time"]

1. d4 Nf6 2. c4 e6 3. Nc3 Bb4 4. e3 O-O 5. Bd2 Re8 6. Nf3 d5 7. cxd5 exd5 8. Rc1 c5 9. a3 Bxc3 10. Bxc3 c4 11. Be2 Nc6 12. O-O Ne4 13. Nd2 Bf5 14. Nxe4 Bxe4 15. Re1 Qd6 16. Bg4 b5 17. f3 Bg6 18. b4 a5 19. bxa5 Qxa3 20. Bd7 Nxa5 21.
Bxb5 Reb8 22. Bxa5 Rxa5 23. Bd7 Rb2 24. Bh3 h5 25. e4 c3 26. Qd3 Rd2 27. Qxc3 Qxc3 28.
Rxc3 dxe4 29. fxe4 Bxe4 30. Rce3 f5 31. Rc3 Raa2 32. Rg3 Kf7 33. Rf1 Kf6 34. Rc1 h4 35. Rb3 Bxg2 36. Rb6+ Kg5 0-1

[Event "*** Titled Tuesday Blitz"]
[Site "Chess.com"]
[Date "2021.03.09"]
[Round "2"]
[White "mr65"]
[Black "davigator"]
[Result "1-0"]
[WhiteElo "2091"]
[BlackElo "2380"]
[TimeControl "180+1"]
[EndTime "10:18:26 PST"]
[Termination "mr65 won by checkmate"]

1. e4 c5 2. Nf3 Nc6 3. d4 cxd4 4. Nxd4 Nf6 5. Nc3 d6 6. Nd5 e6 7. Nxf6+ Qxf6 8. Nb5 Qd8 9. Bd3 a6 10. Nc3 Be7 11. O-O O-O 12. Kh1 b5 13. f4 Bb7 14.
f5 Ne5 15. fxe6 fxe6 16. Bf4 Bf6 17. Qe2 Rc8 18. a3 Qe7 19. Rad1 Rc7 20. a4 b4 21. Na2 a5 22. c4 bxc3 23. Nxc3 Nxd3 24. Qxd3 Ba6 25.
Qxa6 Bxc3 26. bxc3 e5 27. Bg3 Rxc3 28. Rxf8+ Qxf8 29.
Qxa5 Rc4 30. Qd5+ Qf7 31. Qxf7+ Kxf7 32. Ra1 Rc6 33. a5 Ra6 34. Bf2 Ke6 35. Bb6 d5 36. exd5+ Kxd5 37. Kg1 e4 38. Kf2 g5 39. Ke3 h5 40.
Ra4 Kc6 41. Rxe4 Ra8 42. Re5 Rg8 43. g3 Kb7 44. Kf3 Rf8+ 45. Kg2 Rg8 46. Be3 g4 47. Rxh5 Ka6 48. Rg5 Re8 49. Bb6 Re4 50. h4 gxh3+ 51. Kxh3 Ra4 52. g4 Ra3+ 53. Kh4 Ra1 54. Rf5 Rh1+ 55.
Kg5 Rd1 56. Kg6 Rd6+ 57. Rf6 Rd1 58. g5 Rd5 59. Kh6 Rd1 60. g6 Rd7 61. g7 Rd1 62. g8=Q Rh1+ 63. Kg7 Rh5 64. Qc4+ Kb7 65. Rf7+ Kb8 66.
Qc7+ Ka8 67. Qa7# 1-0

[Event "*** Titled Tuesday Blitz"]
[Site "Chess.com"]
[Date "2021.03.09"]
[Round "2"]
[White "louis198"]
[Black "stepakyedael"]
[Result "1-0"]
[WhiteElo "2605"]
[BlackElo "2317"]
[TimeControl "180+1"]
[EndTime "10:18:27 PST"]
[Termination "louis198 won on time"]

1. d4 Nf6 2. c4 g6 3. Nc3 Bg7 4. e4 d6 5. Nf3 O-O 6. Be2 Na6 7. O-O e5 8. dxe5 dxe5 9. h3 c6 10. Be3 Qe7 11. a3 Nc5 12. Qc2 Nh5 13. Rfe1 Ne6 14. Bf1 Nhf4 15. g3 Nh5 16. Rad1 h6 17.
Qc1 Kh7 18. b4 a5 19. c5 axb4 20. axb4 Rd8 21. b5 Nd4 22. Bxd4 exd4 23. Nb1 cxb5 24.
e5 Ra2 25. g4 Nf6 26. exf6 Qxf6 27. Bg2 Be6 28. Rd2 Ra4 29. Qd1 Bd5 30. Ne5 Bxg2 31.
Kxg2 Qe6 32. Nd3 Qd5+ 33. Qf3 Qxf3+ 34. Kxf3 Rd7 35. Rb2 Ra5 36. Rb3 f5 37. gxf5 Rf7 38. Ke4 Re7+ 39. Kd5 Rxe1 40. fxg6+ Kxg6 41. Nxe1 Ra8 42. Rxb5 Rd8+ 43. Kc4 Re8 44. Nd3 Re2 45. Rb6+ Kh7 46.
Rxb7 Rc2+ 47. Kd5 Rc3 48. Nxc3 dxc3 49. c6 c2 50. Rxg7+ Kxg7 51. c7 1-0

[Event "*** Titled Tuesday Blitz"]
[Site "Chess.com"]
[Date "2021.03.09"]
[Round "2"]
[White "Skat2704"]
[Black "rasmussvane"]
[Result "0-1"]
[WhiteElo "2578"]
[BlackElo "2954"]
[TimeControl "180+1"]
[EndTime "10:18:28 PST"]
[Termination "rasmussvane won by resignation"]

1. d4 Nf6 2. c4 e6 3. Nf3 d5 4. Nc3 a6 5. cxd5 exd5 6. Bg5 Be6 7. Qb3 Nbd7 8. e3 Bd6 9. Be2 Qb8 10. O-O O-O 11. a4 c6 12. a5 Ne4 13. Bh4 Bg4 14.
Qc2 Ndf6 15. Bg3 Nxg3 16. hxg3 Re8 17. Na4 Qc7 18. Nc5 Re7 19. Nh4 g6 20. Bd3 Kg7 21. b4 Rae8 22. Rfe1 Bc8 23. Nf3 Ng4 24. e4 dxe4 25.
Nxe4 Bxb4 26. Reb1 Bd6 27. Rc1 Qd8 28. d5 cxd5 29. Qc3+ Be5 30. Nxe5 Rxe5 31. Nc5 d4 32. Qb3 Qf6 33. Ne4 Rxe4 34. Bxe4 Qxf2+ 35. Kh1 Rxe4 36. Rxc8 Re1+ 0-1

[Event "*** Titled Tuesday Blitz"]
[Site "Chess.com"]
[Date "2021.03.09"]
[Round "2"]
[White "eguindy"]
[Black "hansen"]
[Result "0-1"]
[WhiteElo "2464"]
[BlackElo "2848"]
[TimeControl "180+1"]
[EndTime "10:18:29 PST"]
[Termination "hansen won by resignation"]

1. d4 Nf6 2. Nf3 g6 3. g3 Bg7 4. Bg2 O-O 5. O-O d5 6. Nc3 c6 7. Ne5 Ng4 8. f4 Nxe5 9. dxe5 f6 10. exf6 exf6 11. e4 d4 12. Ne2 c5 13. b4 Nc6 14.
bxc5 Qa5 15. Qd3 Rd8 16. Qc4+ Kh8 17. Bb2 d3 18. Nd4 Nxd4 19. Bxd4 dxc2 20. Rac1 b6 21.
Qc3 Qxc3 22. Bxc3 Ba6 23. Rfe1 Rac8 24. Rxc2 Rxc5 25. e5 fxe5 26. fxe5 Rdc8 27. Re3 h5 28. Be4 Kh7 29. Rf3 R8c7 30. Kf2 Bc8 31. Ke3 Rxc3+ 0-1

[Event "*** Titled Tuesday Blitz"]
[Site "Chess.com"]
[Date "2021.03.09"]
[Round "2"]
[White "Lagmantr"]
[Black "korkmaz16"]
[Result "0-1"]
[WhiteElo "2726"]
[BlackElo "2433"]
[TimeControl "180+1"]
[EndTime "10:18:30 PST"]
[Termination "korkmaz16 won by checkmate"]

1. e4 c5 2. Nf3 e6 3. d4 cxd4 4. Nxd4 Nf6 5. Nc3 Nc6 6. Nxc6 bxc6 7. e5 Nd5 8. Ne4 Qa5+ 9. c3 Ba6 10. b4 Qb6 11. a3 Bxf1 12. Kxf1 Qb5+ 13. Qe2 Qxe2+ 14.
Kxe2 f5 15. exf6 Nxf6 16. Nxf6+ gxf6 17. Be3 d5 18. c4 Kd7 19. Rhc1 Bd6 20. f4 Rhb8 21.
Rab1 a5 22. c5 Bc7 23. Bd2 axb4 24. axb4 Rb5 25. Ra1 Rbb8 26. g3 e5 27. Kf3 Ke6 28. g4 e4+ 29. Ke3 f5 30. h3 Rg8 31. g5 d4+ 32.
Kxd4 Rad8+ 33. Kc3 Rd3+ 34. Kc2 Rxd2+ 35. Kxd2 Bxf4+ 36.
Kc3 Bxc1 37. Rxc1 Rxg5 38. Kd4 Rg3 39. b5 cxb5 40. c6 Kd6 41. c7 Rd3# 0-1

[Event "*** Titled Tuesday Blitz"]
[Site "Chess.com"]
[Date "2021.03.09"]
[Round "2"]
[White "ulkaf961"]
[Black "david_alex"]
[Result "1-0"]
[WhiteElo "2397"]
[BlackElo "2070"]
[TimeControl "180+1"]
[EndTime "10:18:30 PST"]
[Termination "ulkaf961 won by resignation"]

1. d4 Nf6 2. c4 e6 3. Nc3 Bb4 4. e3 d5 5. Nf3 O-O 6. Bd3 b6 7. O-O Ba6 8. cxd5 exd5 9. Ne5 Bxd3 10. Qxd3 Re8 11. f4 Bxc3 12. bxc3 Ne4 13. c4 c6 14. Ba3 f6 15. Nf3 Nd7 16. Rac1 Rc8 17. cxd5 cxd5 18. Rxc8 Qxc8 19. Rc1 Qb7 20. Qc2 Qa6 21.
Qb3 Qb7 22. Qb5 a6 23. Qc6 Rb8 24. Qe6+ Kh8 25. Rc6 b5 26. Qxd5 b4 27. Bb2 Nb6 28. Qxe4 1-0

[Event "*** Titled Tuesday Blitz"]
[Site "Chess.com"]
[Date "2021.03.09"]
[Round "2"]
[White "Kaiyrbekov"]
[Black "Cambek64"]
[Result "0-1"]
[WhiteElo "2089"]
[BlackElo "2399"]
[TimeControl "180+1"]
[EndTime "10:18:31 PST"]
[Termination "Cambek64 won on time"]

1. c4 Nf6 2. Nc3 c5 3. Nf3 Nc6 4. g3 d5 5. cxd5 Nxd5 6. Bg2 Nc7 7. O-O e5 8. d3 Be7 9. Qb3 O-O 10. Ne1 Nd4 11. Qd1 Rb8 12. Nc2 Nxc2 13. Qxc2 Ne6 14.
Nd5 b6 15. e4 Nd4 16. Qd2 Bg4 17. b3 Nf3+ 18. Bxf3 Bxf3 19. Bb2 Bd6 20. Qe3 Bg4 21.
f4 exf4 22. gxf4 f5 23. Qg3 Rf7 24. Rf2 Rbb7 25. Rg2 Bf8 26. h3 Bh5 27. Kh2 Bg6 28. Rag1 fxe4 29. dxe4 Bxe4 30. Nf6+ Rxf6 31. Bxf6 Qxf6 32.
Re2 Bc6 33. Re5 Bd6 34. Rg5 Bxf4 35. Rxg7+ Rxg7 0-1

[Event "*** Titled Tuesday Blitz"]
[Site "Chess.com"]
[Date "2021.03.09"]
[Round "2"]
[White "KetiGrant"]
[Black "rquery98"]
[Result "0-1"]
[WhiteElo "2355"]
[BlackElo "2637"]
[TimeControl "180+1"]
[EndTime "10:18:33 PST"]
[Termination "rquery98 won on time"]

1. e4 e5 2. Nf3 Nc6 3. d4 exd4 4. Bc4 Bc5 5. O-O d6 6. c3 dxc3 7. Nxc3 Nf6 8. Bg5 h6 9. Bh4 g5 10. Bg3 Nh5 11. Ne5 Nxg3 12. Nxf7 Qf6 13. hxg3 Rf8 14. Qh5 Rxf7 15. Nd5 Qg7 16. Nxc7+ Kd8 17. Nxa8 Rxf2 18. Rxf2 Bxf2+ 19. Kh2 Ne5 20. Be2 Bd7 21. Rc1 Bc5 22.
b4 Be3 23. Rc2 Ba4 24. Rc7 Bd7 25. Rxb7 Qf6 26. Rb8+ Ke7 27. Nc7 Qg6 28. Nd5+ Kf7 29. Qxg6+ Kxg6 30. Rb7 Bc6 31. Rc7 Bxd5 32. exd5 Kf5 33. a4 Ke4 34. b5 Kxd5 35. a5 Bc5 36. b6 axb6 37. a6 b5 38. a7 Bxa7 39. Rxa7 b4 40. Rb7 Kc5 41. Bd1 Nc4 42. Bb3 Ne3 0-1

[Event "*** Titled Tuesday Blitz"]
[Site "Chess.com"]
[Date "2021.03.09"]
[Round "2"]
[White "Gerodot71"]
[Black "Sychev_Klementy"]
[Result "1-0"]
[WhiteElo "2578"]
[BlackElo "2892"]
[TimeControl "180+1"]
[EndTime "10:18:34 PST"]
[Termination "Gerodot71 won by resignation"]

1. d4 d5 2. c4 e5 3. dxe5 Ne7 4. cxd5 Qxd5 5. Qxd5 Nxd5 6. Bd2 Nc6 7. Nc3 Ndb4 8. O-O-O Be6 9. Nf3 Nxa2+ 10. Nxa2 Bxa2 11.
Bc3 Bc5 12. e3 Bb3 13. Rd2 O-O 14. Bd3 Nb4 15. Bb1 Na2+ 16. Bxa2 Bxa2 17. Rd7 Rac8 18.
Rd2 b5 19. b4 Bc4 20. bxc5 a5 21. Bxa5 Ra8 22. Bc3 Ra3 23. Bb2 Ra4 24. Rhd1 h6 25. Rd8 Rxd8 26. Rxd8+ Kh7 27. Rd4 Ra6 28. Nd2 Be6 29. Ne4 g5 30. Kc2 Kg6 31. f3 h5 32.
Rd8 b4 33. Rg8+ Kh6 34. Nf6 Ra5 35. Bd4 Ra2+ 36. Bb2 Ra5 37. g4 Rxc5+ 38. Kb1 hxg4 39. fxg4 Rb5 40. e4 Bc4 41. h4 Bd3+ 42. Kc1 1-0

[Event "*** Titled Tuesday Blitz"]
[Site "Chess.com"]
[Date "2021.03.09"]
[Round "2"]
[White "elohunter1999"]
[Black "sbouchet"]
[Result "1-0"]
[WhiteElo "2638"]
[BlackElo "2337"]
[TimeControl "180+1"]
[EndTime "10:18:34 PST"]
[Termination "elohunter1999 won by resignation"]

1. Nf3 c5 2. c4 Nc6 3. Nc3 g6 4. e3 Nf6 5. d4 cxd4 6. exd4 d5 7. cxd5 Nxd5 8. Qb3 Nxc3 9. Bc4 e6 10. bxc3 Na5 11.
Bb5+ Bd7 12. Qa4 b6 13. Ne5 Bxb5 14. Qxb5+ Ke7 15. Ba3+ Kf6 16. Bxf8 Rxf8 17. Nd7+ Kg7 18. Nxf8 Qxf8 19. O-O Rc8 20. Rac1 Nc4 21. Rfe1 Qd6 22. h3 h5 23. Re2 Kg8 24. Rce1 Rc7 25. Qg5 a6 26. h4 b5 27. Re4 Nb6 28. Rxe6 fxe6 29.
Qxg6+ Kf8 30. Rxe6 Rf7 31. Rxd6 1-0

[Event "*** Titled Tuesday Blitz"]
[Site "Chess.com"]
[Date "2021.03.09"]
[Round "2"]
[White "XanoushX_X"]
[Black "VladaSviridova"]
[Result "1-0"]
[WhiteElo "2454"]
[BlackElo "2218"]
[TimeControl "180+1"]
[EndTime "10:18:34 PST"]
[Termination "XanoushX_X won on time"]

1. d4 d5 2. c4 c6 3. Nc3 Nf6 4. cxd5 cxd5 5. Bf4 Nc6 6. e3 a6 7. Rc1 Bf5 8. Nf3 Rc8 9. Be2 e6 10. O-O Be7 11. Qb3 Na5 12. Qa4+ Nc6 13. Ne5 O-O 14. Bxa6 Nxe5 15. dxe5 bxa6 16. exf6 Bxf6 17. Qxa6 Ra8 18. Qe2 Qa5 19. a3 Rfc8 20. Nb5 h6 21. Nd6 Rxc1 22. Rxc1 Bg6 23. Nb7 Qb6 24. Nc5 Qxb2 25.
Qxb2 Bxb2 26. Rd1 Rxa3 27. h3 e5 28. Bg3 d4 29. Bxe5 Bc2 30. Rf1 Ra5 31. Bxd4 1-0

[Event "*** Titled Tuesday Blitz"]
[Site "Chess.com"]
[Date "2021.03.09"]
[Round "2"]
[White "chessdjw"]
[Black "sau6on"]
[Result "1-0"]
[WhiteElo "2738"]
[BlackElo "2494"]
[TimeControl "180+1"]
[EndTime "10:18:35 PST"]
[Termination "chessdjw won on time"]

1. d4 d5 2. c4 Nc6 3. Nc3 dxc4 4. Nf3 Nf6 5. e4 Bg4 6. Be3 e6 7. Bxc4 Bb4 8. Qd3 O-O 9. Nd2 Qe7 10. a3 Ba5 11. Ba2 Rfd8 12. Nc4 Bb6 13. Nxb6 axb6 14. O-O Nxd4 15. Bxd4 e5 16. Nd5 Nxd5 17. exd5 exd4 18. Qxd4 Qg5 19. h4 Qg6 20. Qf4 Bh3 21. Qh2 Bf5 22.
Qxc7 Be4 23. g3 Qg4 24. f3 Bxf3 25. Kh2 1-0